 Dungeon Crawl Stone Soup version 0.30-b1-2-g02819fbbbe (webtiles) character file.

Game seed: 14540756289846493338

44 erloom the Slasher (level 3, 0/29 HPs)
             Began as a Demigod Gladiator on May 28, 2023.
             Slain by Pargi (3 damage)
             ... on level 3 of the Dungeon.
             The game lasted 00:02:25 (1318 turns).

erloom the Slasher (Demigod Gladiator)              Turns: 1318, Time: 00:02:25

Health: 0/29       AC:  6    Str: 14 (15) XL:     3   Next: 22%
Magic:  14/14      EV: 11    Int:  9 (10) God:
Gold:   122        SH:  0    Dex: 17 (19) Spells: 2/2 levels left

rFire   + + .        a - +0 long sword
rCold   + . .        (no shield)
rNeg    . . .        k - +0 ring mail
rPois   +            s - +1 hat
rElec   +            (no cloak)
rCorr   +            (no gloves)
SInv    .            (no boots)
Will    .....        (no amulet)
Stlth   +            n - ring of protection from fire
HPRegen 0.24/turn    t - ring of magical power
MPRegen 0.14/turn

%: no passive effects
@: mighty, resistant, attractive
A: high MP 1, forlorn, divine attributes
a: no special abilities


You were on level 3 of the Dungeon.
You visited 1 branch of the dungeon, and saw 3 of its levels.

You collected 122 gold pieces.

Inventory:

Hand Weapons
 a - a +0 long sword (weapon)
Missiles
 d - 3 throwing nets (quivered)
 e - a javelin
Armour
 b - a +0 leather armour
 c - a +0 helmet
 k - a +0 ring mail (worn)
 s - a +1 hat (worn)
Jewellery
 n - a ring of protection from fire (left hand)
 t - a ring of magical power (right hand)
Wands
 r - a wand of flame (7)
Scrolls
 g - 4 scrolls of identify {unknown}
 h - a scroll of teleportation {unknown}
 l - a scroll of vulnerability {unknown}
 q - 2 scrolls of poison {unknown}
Potions
 o - a potion of heal wounds {unknown}
 p - 2 potions of curing {unknown}


   Skills:
 - Level 1.7 Fighting
 * Level 3.7 Long Blades
 - Level 1.7 Throwing
 + Level 3.1 Dodging


You had 2 spell levels left.
You didn't know any spells.
Your spell library contained the following spells:

 Spells                   Type           Power      Damage    Failure   Level
 Necrotise                Necr           0%         1d4       63%         1
 Vampiric Draining        Necr           0%         2d6       94%         3
 Agony                    Necr           0%         N/A       100%        5


Dungeon Overview and Level Annotations

Branches:
Dungeon (3/15)

Annotations:
D:3 Pargi


Innate Abilities, Weirdness & Mutations

You have an increased reservoir of magic. (+10% MP)
You shall have no god before yourself.
Your divine heritage dramatically boosts your attributes as you level up.


Message History

Pargi barely misses you.
You hit Pargi.
Pargi is lightly wounded.
Pargi bites you! Pargi completely misses you.
Pargi claws you but does no damage.
You slash Pargi!
Pargi is moderately wounded.
Pargi misses you. Pargi closely misses you. Pargi claws you.
You closely miss Pargi.
Pargi is moderately wounded.
Pargi misses you. Pargi claws you but does no damage. Pargi claws you.
Pargi bites you but does no damage. Pargi claws you but does no damage.
Pargi claws you.
It was a potion of resistance.
You feel protected. Pargi barely misses you. Pargi misses you.
Pargi closely misses you.
It was a potion of degeneration.
There was something very wrong with that liquid.
You feel weakened.
You feel dopey.
You feel clumsy. Pargi misses you. Pargi closely misses you. Pargi misses you.
It was a potion of attraction.
You feel attractive to monsters. Pargi closely misses you.
Pargi claws you but does no damage. x2
It was a potion of might.
You feel very mighty all of a sudden.
Pargi closely misses you. x2; Pargi barely misses you.
You slash Pargi!
Pargi is moderately wounded.
Pargi misses you. Pargi barely misses you. Pargi claws you but does no damage.
You barely miss Pargi.
Pargi is moderately wounded.
Pargi bites you.
* * * LOW HITPOINT WARNING * * *
Pargi claws you but does no damage. Pargi closely misses you.
You closely miss Pargi.
Pargi is moderately wounded.
Pargi bites you.
* * * LOW HITPOINT WARNING * * *
Pargi claws you.
You die...

...........##
..#....?....##
#............#
#............#
##...........#
##..........#
#..........#
##......T.##
#.......@..#
#.......†..#
#..!.......#
#..........#
#..........#
##........##
##......##
########


You could see Pargi.

Vanquished Creatures
  A dart slug (D:1)
  5 ball pythons (D:1)
  4 bats (D:1)
  5 endoplasms
  3 giant cockroaches
  4 goblins
  2 hobgoblins (D:2)
  3 quokkas
  2 frilled lizards (D:1)
  4 kobolds
  4 rats
37 creatures vanquished.

Notes
Turn   | Place    | Note
-------+----------+-------------------------------------------
     0 | D:1      | erloom the Demigod Gladiator began the quest for the Orb.
     0 | D:1      | Reached XP level 1. HP: 17/17 MP: 3/3
    53 | D:1      | You fall into a shaft and drop 1 floor!
   257 | D:2      | Reached XP level 2. HP: 24/24 MP: 4/4
   820 | D:1      | Reached XP level 3. HP: 29/29 MP: 5/5
  1297 | D:3      | Noticed Pargi
  1318 | D:3      | Slain by Pargi

Illustrated notes

Levels and vault maps discovered:
D:1:      ebering_hopf_link, layout_basic, wander_ebering_terrifying_dragon_lair
D:2:      layout_basic, basic_altar
D:3:      layout_rooms, mainiacjoe_overflow_two_lobes,
          mainiacjoe_overflow_surrounded_room, uniq_pargi, uniq_sigmund,
          uniq_robin

Skill      XL: |  1  2 |
---------------+-------+-----
Long Blades    | 3 |  3.7
Dodging        | 3 |  3.1
Fighting       | |  1.7
Throwing       | |  1.7

Action                     || total
---------------------------++-------
  Melee: Long sword        ||   114
    Use: Potion            ||     4
 Armour: Leather armour    ||     6
         Ring mail         ||    50
  Dodge: Dodged            ||    92
